 Dungeon Crawl Stone Soup version 0.25.1-2-g60ff931df9 (webtiles) character file.

Game seed: 8617818224569078519

169 jbtxwes the Slasher (level 5, -2/46 HPs)
             Began as a Minotaur Fighter on Nov 20, 2020.
             Was a Follower of Elyvilon.
             Slain by a gnoll
             ... wielding a +2 halberd of venom
              (10 damage)
             ... on level 4 of the Dungeon.
             The game lasted 00:12:57 (2547 turns).

jbtxwes the Slasher (Minotaur Fighter)              Turns: 2547, Time: 00:12:57

Health: -2/46      AC:  7    Str: 20    XL:     5   Next: 25%
Magic:  4/4        EV:  7    Int:  5    God:    Elyvilon [*.....]
Gold:   159        SH: 10    Dex: 11    Spells: 4/4 levels left

rFire    + . .     SeeInvis .   a - +1 long sword
rCold    . . .     Gourm    .   c - +1 kite shield
rNeg     . . .     Faith    .   b - +0 scale mail
rPois    .         Spirit   .   (helmet restricted)
rElec    .         Reflect  .   (no cloak)
rCorr    .         Harm     .   (no gloves)
MR       .....                  (no boots)
Stlth    ..........             (no amulet)
HPRegen  0.15/turn              h - ring of fire
MPRegen  0.09/turn              i - ring of protection from cold

@: lethally poisoned (-2 -> -21)
A: retaliatory headbutt, beak, horns 2, screaming 1
a: Lesser Healing, Divine Protection, Renounce Religion


You were on level 4 of the Dungeon.
You worshipped Elyvilon.
Elyvilon was aware of your devotion.
You were not hungry.

You visited 1 branch of the dungeon, and saw 4 of its levels.

You collected 159 gold pieces.

Inventory:

Hand Weapons
 a - a +1 long sword (weapon)
Armour
 b - a +0 scale mail (worn)
 c - a +1 kite shield (worn)
Jewellery
 h - a ring of fire (left hand)
 i - a ring of protection from cold (right hand)
 k - an uncursed ring of protection from cold
Scrolls
 j - 3 scrolls of fog
 m - a scroll of magic mapping
 n - 4 scrolls of identify
 p - a scroll of remove curse
 r - a scroll of teleportation
Potions
 d - 2 potions of might
 e - a potion of stabbing
 g - a potion of mutation
 o - a potion of cancellation {unknown}
Comestibles
 f - 9 rations
 l - 8 chunks of flesh


   Skills:
 - Level 4.0 Fighting
 * Level 6.0 Long Blades
 - Level 4.0 Armour
 - Level 3.9 Shields


You had 4 spell levels left.
You didn't know any spells.
Your spell library was empty.

Dungeon Overview and Level Annotations

Branches:
Dungeon (4/15)
 Temple: D:4-7

Altars:
Elyvilon
Nemelex Xobeh
Ru
Wu Jian


Innate Abilities, Weirdness & Mutations

You reflexively headbutt those who attack you in melee.
You have a pair of horns on your head.
You have a beak for a mouth.
You occasionally shout uncontrollably at your foes.


Message History

You slash the jackal skeleton!
You destroy the jackal skeleton!
You feel sick. You block the gnoll's attack.
You feel sick.
The quokka skeleton bites you but does no damage.
You block the gnoll's attack.
Items here: ) ?? [ ††† You slash the gnoll!
The gnoll is heavily wounded.
* * * LOW HITPOINT WARNING * * *
You feel sick.
The quokka skeleton bites you but does no damage.
You block the gnoll's attack. The quokka skeleton bites you.
* * * LOW HITPOINT WARNING * * *
You closely miss the gnoll. You peck the gnoll.
The gnoll is almost dead.
* * * LOW HITPOINT WARNING * * *
You feel sick.
The gnoll hits you with a +2 halberd of venom!
You die...

.....#..#######
.##........#
#.......)#
#........######
#........#....#
#........#....#
#.........<...#
###...g#####....#
#.....Z@)....####
#...###########
#..### .....
...o. ..... ....
....


You could see a gnoll and a quokka skeleton.

Vanquished Creatures
  A worker ant (D:4)
  3 gnolls (D:4)
  4 adders
  An adder skeleton (D:3)
  A worm (D:3)
  A dart slug (D:1)
  2 leopard geckos
  3 orcs
  A giant cockroach (D:1)
  4 goblins
  7 hobgoblins
  16 jackals
  A quokka (D:2)
  3 bats
  3 frilled lizards
  2 jackal skeletons
  7 kobolds
  4 rats
64 creatures vanquished.

Notes
Turn   | Place    | Note
-------+----------+-------------------------------------------
     0 | D:1      | jbtxwes the Minotaur Fighter began the quest for the Orb.
     0 | D:1      | Reached XP level 1. HP: 19/19 MP: 0/0
   114 | D:1      | Reached XP level 2. HP: 24/27 MP: 1/1
   716 | D:2      | Reached skill level 3 in Long Blades
  1031 | D:2      | Reached XP level 3. HP: 31/33 MP: 2/2
  1603 | D:3      | Reached skill level 4 in Long Blades
  1614 | D:3      | Reached XP level 4. HP: 32/40 MP: 3/3
  1896 | D:3      | Found a sparkling altar of Nemelex Xobeh.
  1931 | D:3      | Gained mutation: You occasionally shout uncontrollably at
                  | your foes. [potion of mutation]
  1931 | D:3      | Gained mutation: You have a beak for a mouth. [potion of
                  | mutation]
  2276 | D:3      | Reached skill level 5 in Long Blades
  2368 | D:3      | Found a faded altar of an unknown god.
  2417 | D:3      | Became a worshipper of Elyvilon the Healer
  2417 | D:3      | Reached * piety under Elyvilon
  2452 | D:4      | Found a sacrificial altar of Ru.
  2452 | D:4      | Found an ornate altar of the Wu Jian Council.
  2529 | D:4      | Reached XP level 5. HP: 46/46 MP: 4/4
  2541 | D:4      | Reached skill level 6 in Long Blades
  2547 | D:4      | Slain by a gnoll

Illustrated notes

Levels and vault maps discovered:
D:1:      dpeg_arrival_rooms_a, layout_basic
D:2:      layout_basic, lightli_corner_chamber
D:3:      layout_loops_cross, nicolae_overflow_crystal_walls,
          chequers_ecumenical_altar_twisty
D:4:      layout_rooms, minitemple, serial_park_tiny_1

Skill      XL: |  1  2  3  4  5 |
---------------+----------------+-----
Armour         | 4 |  4.0
Long Blades    | 3 4 5 6 |  6.0
Fighting       | 4 |  4.0
Shields        | |  3.9

Action                   |  1- 3 |  4- 6 || total
-------------------------+-------+-------++-------
Melee: Long sword        |    99 |    65 ||   164
       Headbutt          |    12 |     5 ||    17
       Peck              |       |    10 ||    10
  Use: Scroll            |     7 |     6 ||    13
       Potion            |       |     4 ||     4
  Eat: Chunk             |     2 |     3 ||     5
Armor: Scale mail        |    39 |    19 ||    58
Dodge: Dodged            |    28 |    20 ||    48
Block: Kite shield       |    49 |    38 ||    87
       Rpst.: Long sword |     8 |     4 ||    12
